 Dungeon Crawl Stone Soup version 0.18-a0-801-gb01a236 (webtiles) character file.

10180 Scytalen the Fighter (level 11, -4/99 HPs)
             Began as a White Draconian Fire Elementalist on Dec 14, 2015.
             Was a Priest of Ru.
             Shot with a poisoned arrow by a centaur warrior (6 damage)
             ... on level 11 of the Dungeon.
             The game lasted 01:14:53 (15614 turns).

Scytalen the Fighter (DrFE)                        Turns: 15614, Time: 01:14:53

Health: -4/99      AC:  9    Str: 12    XL:     11   Next: 32%
Magic:  5/16       EV: 16    Int: 18    God:    Ru [***...]
Gold:   324        SH:  0    Dex: 13    Spells: 3 memorised, 11 levels left

rFire  + . .     SeeInvis .     b - +0 blowgun
rCold  . . .     Clarity  +     (armour unavailable)
rNeg   . . .     SustAt   .     (no shield)
rPois  +         Gourm    .     (helmet restricted)
rElec  .         Spirit   .     i - +0 cloak
rCorr  .         Dismiss  +     k - +0 pair of gloves
rMut   .         Stasis   .     (no boots)
MR     +....                    z - amulet of dismissal
Stlth  ++........               p - ring of protection from magic
                                P - ring of fire

@: lethally poisoned (-4 -> -13), short of breath, no potions, horrified,
somewhat resistant to hostile enchantments, unstealthy
A: breathe frost, unfitting armour, big wings, hooves 1, stinger 1, agile 1,
clarity, cold resistance 1, low mp 1, poison resistance, slow regeneration 1,
cold-blooded, inability to drink while threatened, cowardly, MP-powered wands,
missing an eye, AC +7
a: Breathe Frost, Fly, Draw Out Power, Renounce Religion


You were on level 11 of the Dungeon.
You worshipped Ru.
Ru was most pleased with you.
You were not hungry.

You visited 1 branch of the dungeon, and saw 11 of its levels.

You collected 551 gold pieces.
You spent 227 gold pieces at shops.

Inventory:

Hand Weapons
 a - a +1 rapier of venom
 b - a +0 blowgun (weapon)
Missiles
 c - 303 stones
 t - 16 poisoned needles (quivered)
 N - a sling bullet
 R - 2 curare-tipped needles
Armour
 i - a +0 cloak (worn)
 k - a +0 pair of gloves (worn)
Magical Staves
 G - an uncursed staff of earth
Jewellery
 m - an uncursed ring of teleportation
 p - a ring of protection from magic (right hand)
 v - a +4 ring of evasion
 w - a +3 ring of evasion
 z - an amulet of dismissal (around neck)
 P - a ring of fire (left hand)
Wands
 q - a wand of fireball (5)
 A - a wand of digging (6)
 F - a wand of polymorph (11)
 L - a wand of lightning (5)
Scrolls
 d - 2 scrolls of recharging
 h - 3 scrolls of enchant weapon
 n - 5 scrolls of remove curse
 y - 2 scrolls of amnesia
Potions
 e - a potion of heal wounds {unknown}
 r - a potion of brilliance
 s - 2 potions of curing
 u - 2 potions of might
 C - a potion of magic
 E - a potion of cure mutation
 H - 2 potions of poison {unknown}
 I - a potion of resistance
 M - 2 potions of haste
 O - a potion of flight
Books
 l - a book of Flames

   Spells                             Type                      Level
   a - Flame Tongue                   Conjuration/Fire             1
   b - Throw Flame                    Conjuration/Fire             2
   c - Conjure Flame                  Conjuration/Fire             3
   d - Inner Flame                    Hexes/Fire                   3
   e - Sticky Flame                   Conjuration/Fire             4
   f - Fireball                       Conjuration/Fire             5
Miscellaneous
 D - a stone of tremors
Comestibles
 f - 4 fruits
 o - 6 bread rations
 x - a meat ration
 B - 13 royal jellies
 J - a chunk of flesh
 K - a beef jerky


   Skills:
 - Level 10.0 Fighting
 - Level 8.7 Dodging
 - Level 1.7 Stealth
 - Level 4.6 Spellcasting
 + Level 9.9 Conjurations
 - Level 5.4 Fire Magic


You had 11 spell levels left.
You knew the following spells:

 Your Spells              Type           Power        Failure   Level  Hunger
a - Flame Tongue          Conj/Fire      #####        1%          1    None
b - Conjure Flame         Conj/Fire      #####...     1%          3    ###....
c - Sticky Flame          Conj/Fire      #####...     8%          4    ####...


Dungeon Overview and Level Annotations

Branches:
Dungeon (11/15)            Temple (0/1) D:7            Lair (0/8) D:8
    Orc (0/2) D:10

Altars:
Dithmenos
Fedhas
Okawaru
Ru
Yredelemnul

Shops:
D:4 (   D:5 ?   D:6 !

Annotations:
D:11 Joseph


Innate Abilities, Weirdness & Mutations

You can breathe waves of freezing cold.
You can buffet flying creatures when you breathe cold.
Your icy white scales are hard (AC +7).
Your body does not fit into most forms of armour.
Your flesh is cold resistant.
You are cold-blooded and may be slowed by cold attacks.
You cannot drink potions while threatened.
Your cowardice makes you less effective in combat with threatening monsters.
You are missing an eye, making it more difficult to aim.
Your large and strong wings let you fly indefinitely.
You have large cloven feet.
Your tail ends in a poisonous barb.
You are agile. (Dex +2)
You possess an exceptional clarity of mind.
Your magical capacity is low (-10% MP).
Your system is resistant to poisons.
You regenerate slowly when monsters are visible.
You expend magic power (3 MP) to strengthen your wands.


Message History

You take 7 damage, and have 27/99 hp.
Read which item? (? for menu, Esc to quit)
As you read the scroll labeled DOD ZOM BUITT, it crumbles to dust.
You speak a Word of immense power!
It was a scroll of holy word.
The centaur shouts!
The centaur wields a shortbow.
The centaur shoots an arrow.
The arrow completely misses you.
The centaur warrior shoots a poisoned arrow.
The poisoned arrow hits you!
* * * LOW HITPOINT WARNING * * *
You are poisoned.
The centaur wields a shortbow.
The centaur shoots an arrow.
The arrow hits you!
* * * LOW HITPOINT WARNING * * *
You take 24 damage, and have 3/99 hp.
MASSIVE DAMAGE!!
* * * LOW HITPOINT WARNING * * *
You feel sick.
The centaur shoots an arrow.
The arrow barely misses you.
The centaur warrior shoots a poisoned arrow.
The poisoned arrow hits you.
You die...

..
#..###l5##..(......#
. #..#
#..##.........# #..#
#..##.....((..# #..
#..##......(..# #..
##..##......?..#
....##.........#
....##........)# #
......(......((# ..
....##.@........
##...
.....##..(.......c
....# #..........K.
....# #..........
##.. #.....c....
#..........
#.....c.... #
#..#####... ##..##.
#c. ...


You could see a centaur warrior and a centaur.

Vanquished Creatures
  Josephine (D:11)
  Erica (D:8)
  A deep elf mage (D:10)
  An ugly thing (D:10)
  An elephant (D:8)
  Psyche (D:8)
  A kobold demonologist (D:11)
  Grinder (D:6)
  A two-headed ogre (D:10)
  A trapdoor spider (D:11)
  3 wraiths (D:11)
  A hippogriff (D:8)
  2 yaks
  2 hungry ghosts (D:8)
  Edmund (D:4)
  2 ice beasts
  2 orc warriors
  3 phantoms
  2 water moccasins
  5 ogres
  3 black bears
  The ghost of Poody the Poker, an amateur MfGl (D:3)
  2 crocodiles (D:8)
  7 centaurs
  Blork the orc (D:6)
  4 big kobolds
  7 giant frogs
  A scorpion (D:9)
  4 wights (D:10)
  5 killer bees
  A quasit (D:9)
  6 crimson imps
  2 giant frog zombies
  2 centaur skeletons
  4 jellies
  7 orc priests
  2 hounds (D:9)
  6 orc wizards
  8 iguanas
  7 worker ants
  3 hound skeletons
  3 worker ant zombies
  13 adders
  A gnoll (D:2)
  A shadow imp (D:7)
  5 oozes (D:10)
  52 orcs
  A ball python (D:2)
  3 giant cockroaches
  10 goblins
  9 hobgoblins
  13 jackals
  18 kobolds
  5 quokkas
  8 bats
  8 giant geckos
  4 giant newts
  6 rats
276 creatures vanquished.

Vanquished Creatures (others)
  A big kobold (D:11)
  A quasit (D:11)
  A plant (D:8)
3 creatures vanquished.

Grand Total: 279 creatures vanquished

Notes
Turn   | Place    | Note
--------------------------------------------------------------
     0 | D:1      | Scytalen the Draconian Fire Elementalist began the quest for the Orb.
     0 | D:1      | Reached XP level 1. HP: 14/14 MP: 3/3
   484 | D:1      | Reached XP level 2. HP: 20/20 MP: 0/5
  1029 | D:2      | Found a shadowy altar of Dithmenos.
  1209 | D:2      | Reached XP level 3. HP: 26/26 MP: 3/6
  1214 | D:2      | Learned a level 3 spell: Conjure Flame
  1732 | D:2      | Reached skill level 4 in Fire Magic
  1950 | D:2      | Reached XP level 4. HP: 33/33 MP: 1/7
  2341 | D:3      | Found a blossoming altar of Fedhas.
  2629 | D:3      | Noticed Poody's ghost (amateur MfGl)
  2645 | D:4      | Noticed an ogre
  3188 | D:3      | Killed Poody's ghost
  3188 | D:3      | Reached skill level 5 in Fire Magic
  3188 | D:3      | Reached XP level 5. HP: 38/38 MP: 0/8
  3199 | D:3      | Learned a level 4 spell: Sticky Flame
  3434 | D:4      | Found an iron altar of Okawaru.
  3763 | D:4      | Killed an ogre
  3763 | D:4      | Reached XP level 6. HP: 45/45 MP: 1/9
  3924 | D:4      | Reached skill level 6 in Fire Magic
  4272 | D:4      | Found Goaxu's Antique Weapon Shoppe.
  4380 | D:4      | Found a sacrificial altar of Ru.
  4388 | D:4      | Became a worshipper of Ru the Awakened
  4470 | D:4      | Noticed Edmund
  4659 | D:5      | Entered Level 5 of the Dungeon
  4914 | D:5      | Reached skill level 5 in Conjurations
  4914 | D:5      | Reduced skill Fire Magic to level 5
  4914 | D:5      | Your scales start taking on an icy white colour.
  4914 | D:5      | Gained mutation: Your flesh is cold resistant. [White Draconian growth]
  4914 | D:5      | Reached XP level 7. HP: 50/50 MP: 0/10
  5526 | D:5      | Found Fiwatesoex's Magic Scroll Boutique.
  5531 | D:5      | Reached skill level 6 in Conjurations
  5572 | D:5      | Bought a scroll of blinking for 97 gold pieces
  5876 | D:5      | Reached skill level 7 in Conjurations
  6224 | D:5      | Reached XP level 8. HP: 57/57 MP: 7/11
  6340 | D:6      | Noticed Grinder
  6602 | D:4      | Killed Edmund
  6604 | D:4      | Gained mutation: You cannot drink potions while threatened. [Ru sacrifice]
  6604 | D:4      | Reached * piety under Ru
  6605 | D:4      | Gained mutation: Your magical capacity is low (-10% MP). [potion of mutation]
  6605 | D:4      | Gained mutation: Your large and strong wings let you fly indefinitely. [potion of mutation]
  6605 | D:4      | Gained mutation: You have large cloven feet. [potion of mutation]
  6610 | D:4      | Gained mutation: Your system is resistant to poisons. [potion of mutation]
  6610 | D:4      | Gained mutation: You expend magic power (3 MP) to strengthen your wands. [potion of mutation]
  6610 | D:4      | Gained mutation: You regenerate slowly when monsters are visible. [potion of mutation]
  6675 | D:6      | Killed Grinder
  6675 | D:6      | Reached skill level 8 in Conjurations
  6990 | D:6      | Noticed Blork the orc
  7003 | D:6      | Killed Blork the orc
  7087 | D:6      | Gained mutation: You are agile. (Dex +2) [potion of mutation]
  7087 | D:6      | Gained mutation: You possess an exceptional clarity of mind. [potion of mutation]
  7087 | D:6      | Gained mutation: Your tail ends in a poisonous barb. [potion of mutation]
  7295 | D:6      | Reached skill level 9 in Conjurations
  7344 | D:6      | Found Feloesmi's Distillery.
  7347 | D:6      | Bought a potion of resistance for 130 gold pieces
  8279 | D:7      | Reached XP level 9. HP: 60/63 MP: 1/14
  8396 | D:7      | Reached skill level 1 in Fighting
  8531 | D:7      | Found a staircase to the Ecumenical Temple.
  9448 | D:8      | Noticed Erica
  9490 | D:8      | Killed Erica
  9490 | D:8      | Reached skill level 5 in Fighting
  9612 | D:8      | Noticed an elephant
  9632 | D:8      | Killed an elephant
  9632 | D:8      | Reached skill level 5 in Dodging
  9993 | D:8      | Noticed Psyche
 10023 | D:8      | Killed Psyche
 10023 | D:8      | Reached XP level 10. HP: 80/84 MP: 4/15
 10294 | D:8      | Found a staircase to the Lair.
 10388 | D:8      | Gained mutation: You are missing an eye, making it more difficult to aim. [Ru sacrifice]
 10388 | D:8      | Reached ** piety under Ru
 11507 | D:9      | Found a basalt altar of Yredelemnul.
 12130 | D:10     | Entered Level 10 of the Dungeon
 12951 | D:10     | Noticed a deep elf mage
 12967 | D:10     | Noticed a rust devil
 12975 | D:10     | Killed a deep elf mage
 13682 | D:10     | Found a staircase to the Orcish Mines.
 13945 | D:10     | Gained mutation: Your cowardice makes you less effective in combat with threatening monsters. [Ru sacrifice]
 13945 | D:10     | Reached *** piety under Ru
 14261 | D:11     | Reached XP level 11. HP: 67/97 MP: 0/16
 14376 | D:11     | Noticed Josephine
 14866 | D:11     | Killed Josephine
 14866 | D:11     | Reached skill level 10 in Fighting
 14920 | D:11     | Noticed Joseph
 15609 | D:11     | Noticed a soul eater
 15612 | D:11     | Noticed a centaur warrior
 15613 | D:11     | HP: 3/99 [centaur/arrow[a centaur warrior] (12)]
 15614 | D:11     | Shot with a poisoned arrow by a centaur warrior

Vault maps used:
D:1:      minmay_arrival_hallway, serial_corexii_hall, corexii_hall_statues_s,
          corexii_hall_statues_u
D:2:      grunt_dithmenos_smoke
D:3:      fedhas_altar_3, minmay_bad_closet, kennysheep_generic_room_9
D:4:      nicolae_ru_path_of_blood, serial_shops,
          nicolae_shop_overgrown_old_shop, okawaru_gym_becter, uniq_edmund
D:5:      black_bear_nest_2, serial_shops, shop, first_bread
D:6:      serial_shops, kennysheep_mini, uniq_grinder, uniq_blork_the_orc
D:7:      minmay_temple_entry_junction
D:8:      david_lair_generic, uniq_erica, uniq_psyche
D:9:      basic_altar
D:10:     orc_0_dummy, hangedman_little_slice_of_home
D:11:     hex_large, minmay_sticks_and_stones, uniq_josephine

Action                   |  1- 3 |  4- 6 |  7- 9 | 10-12 || total
-------------------------+-------+-------+-------+-------++-------
Melee: Rapier            |       |       |     4 |    55 ||    59
 Fire: Hunting sling     |    18 |    80 |   193 |       ||   291
       Blowgun           |       |       |     5 |   137 ||   142
Throw: Stone             |    67 |       |    13 |    10 ||    90
 Cast: Flame Tongue      |    67 |    77 |   230 |   305 ||   679
       Conjure Flame     |     2 |     7 |    18 |     6 ||    33
       Sticky Flame      |       |       |     6 |    20 ||    26
Invok: Sacrifice Drink   |       |       |     1 |       ||     1
       Sacrifice Courage |       |       |       |     1 ||     1
       Sacrifice an Eye  |       |       |       |     1 ||     1
 Abil: Breathe Frost     |       |       |    18 |    12 ||    30
  Use: Scroll            |     3 |     5 |       |    12 ||    20
       Potion            |       |     2 |     3 |       ||     5
 Stab: Distracted        |       |       |     1 |     4 ||     5
       Sleeping          |       |       |       |    10 ||    10
  Eat: Chunk             |     4 |    11 |    34 |    26 ||    75
